 Dungeon Crawl Stone Soup version 0.26-a0-642-g67e99244d3 (webtiles) character file.

Game seed: 2940636109835558346

14 Descartes the Sneak (level 2, -2/13 HPs)
             Began as a Felid Wanderer on Sept 22, 2020.
             Slain by a goblin
             ... wielding a +0 dagger
             ... led by Robin
              (5 damage)
             ... on level 2 of the Dungeon.
             The game lasted 00:01:33 (932 turns).

Descartes the Sneak (Felid Wanderer)                 Turns: 932, Time: 00:01:34

Health: -2/13      AC:  1    Str: 10    XL:     2   Next: 31%
Magic:  4/4        EV: 16    Int: 11    God:
Gold:   121        SH:  0    Dex: 15    Spells: 2/3 levels left
                                        Lives:  0   Deaths: 0

rFire    . . .     SeeInvis +     - Unarmed
rCold    . . .     Faith    .   (shield unavailable)
rNeg     . . .     Spirit   .   (armour unavailable)
rPois    .         Reflect  .   (helmet unavailable)
rElec    .         Harm     .   (cloak unavailable)
rCorr    .         Rampage  .   (gloves unavailable)
MR       .....                  (boots unavailable)
Stlth    +++.......             (no amulet)
HPRegen  0.04/turn              (no ring)
MPRegen  0.09/turn              (no ring)

@: quick
A: very small, no armour, no weapons or thrown items, stealth, claws 1, fangs 3,
see invisible, speed 1, shaggy fur 1, sharp paws
a: no special abilities


You were on level 2 of the Dungeon.
You visited 1 branch of the dungeon, and saw 2 of its levels.

You collected 121 gold pieces.

Inventory:

Wands
 d - a wand of random effects (15)
Scrolls
 c - a scroll of magic mapping {unknown}
 g - 2 scrolls of enchant armour {unknown}
 h - 2 scrolls of teleportation {unknown}
 i - a scroll of remove curse {unknown}
Potions
 a - a potion of haste
 b - a potion of berserk rage
 j - 3 potions of curing
 k - a potion of lignification
 l - a potion of cancellation {unknown}


   Skills:
 - Level 2.0 Fighting
 + Level 1.1 Dodging
 * Level 3.6 Stealth
 + Level 2.2 Unarmed Combat
 - Level 1.0 Spellcasting
   Level 1.7 Poison Magic
 - Level 1.1 Evocations


You had 2 spell levels left.
You knew the following spells:

 Your Spells              Type           Power        Failure   Level
a - Foxfire               Conj/Fire      #...         32%         1

Your spell library contained the following spells:

 Spells                   Type           Power        Failure   Level
 Conjure Flame            Conj/Fire      #.......     67%         3


Dungeon Overview and Level Annotations

Branches:
Dungeon (2/15)

Altars:

Annotations:
D:2 Robin


Innate Abilities, Weirdness & Mutations

You cannot wear armour.
You are incapable of wielding weapons or throwing items.
Your paws allow you to move quietly. (Stealth)
You have sharp claws.
You have razor-sharp teeth.
You have supernaturally acute eyesight. (SInv)
You cover ground quickly.
You are covered in fur. (AC +1)
Your sharp claws are effective at attacking unaware monsters.


Message History

You claw the goblin!
You kill the goblin!
The goblin closely misses you. x2
A goblin comes into view. It is wielding a +0 dagger.
The goblin hits you but does no damage. The goblin closely misses you.
The goblin misses you.
You see here a +0 club.
The goblin hits you with a cursed -3 dagger.
Robin roars a battlecry!
The goblins go into a battle-frenzy!
Number of times to repeat, then command key: You must enter the number of times for the command to repeat.
Found a potion of curing.
Found a stone staircase leading up.
There is a stone staircase leading up here.
The goblin hits you with a +0 dagger!
Ouch! That really hurt!
* * * LOW HITPOINT WARNING * * *
The goblin hits you with a +0 dagger.
You die...

#.........g.##
#####..g##.g.## ##
#####.#..g>#..####.# #
#!......#####.g..8.#?#
#....g### ####gg....
#....g# ##.)....
#....g# #g.8.#.#
#....g# #.g#⌠# #
#....@# #.g### #######


#ggg #gg. #.... #.... ###### You could see a hobgoblin and 3 goblins.

Vanquished Creatures
  An orc (D:2)
  2 bats (D:1)
  A giant cockroach (D:1)
  2 goblins
  A hobgoblin (D:1)
  A kobold (D:1)
  2 frilled lizards
  4 rats (D:1)
14 creatures vanquished.

Notes
Turn   | Place    | Note
-------+----------+-------------------------------------------
     0 | D:1      | Descartes the Felid Wanderer began the quest for the Orb.
     0 | D:1      | Descartes set off with the following items: a potion of
                  | haste, a potion of berserk rage, a wand of random effects
                  | (15); and the following spell memorised: Foxfire; and the
                  | following spells available to memorise: Conjure Flame
     0 | D:1      | Reached XP level 1. HP: 9/9 MP: 3/3
   180 | D:1      | Reached skill level 3 in Stealth
   384 | D:1      | Reached XP level 2. HP: 13/13 MP: 4/4
   396 | D:1      | Reached skill level 1 in Dodging
   845 | D:2      | Found a faded altar of an unknown god.
   906 | D:2      | Noticed Robin
   932 | D:2      | Slain by a goblin

Illustrated notes

Levels and vault maps discovered:
D:1:      lightli_arrival_isolated_outpost, layout_basic
D:2:      layout_rooms, minitemple, chequers_ecumenical_altar_island,
          uniq_robin, uniq_jessica

Skill      XL: |  1  2 |
---------------+-------+-----
Stealth        | 3 |  3.6
Dodging        | 1 |  1.1
Fighting       | |  2.0
Unarmed Combat | |  2.2
Spellcasting   | |  1.0
Poison Magic   | |  1.7
Evocations     | |  1.1

Action                   || total
-------------------------++-------
Melee: Unarmed           ||    29
       Bite              ||     2
       Punch             ||     1
  Use: Scroll            ||     3
 Stab: Sleeping          ||     7
Dodge: Dodged            ||    23

Table legend: (Time is in decaauts)
 A = Elapsed time spent in this place.
 B = Non-inter-level travel time spent in this place.
 C = Inter-level travel time spent in this place.
 D = Time resting spent in this place.
 E = Time spent auto-exploring this place.
 F = Levels seen in this place.
 G = Mean time per level.
                   A        B        C        D        E       F      G
               +--------+--------+--------+--------+--------+-----+--------+
         Total |    788 |    785 |      3 |      0 |    670 |   2 |  394.0 |
       Dungeon |    788 |    785 |      3 |      0 |    670 |   2 |  394.0 |
               +--------+--------+--------+--------+--------+-----+--------+

Top non-repeatable levels by time:
     D:1: 715 daAuts
     D:2: 73 daAuts
